 Dungeon Crawl Stone Soup version 0.28.0-1-gb440e238dd (webtiles) character file.

Game seed: 7536772382561353968

28 Woods the Caller (level 3, 0/16 HPs)
             Began as a Vine Stalker Summoner on Feb 25, 2022.
             Slain by an adder (4 damage)
             ... on level 2 of the Dungeon.
             The game lasted 00:02:14 (1525 turns).

Woods the Caller (Vine Stalker Summoner)            Turns: 1525, Time: 00:02:14

Health: 0/16       AC:  2    Str: 10    XL:     3   Next: 14%
Magic:  0/8        EV: 12    Int: 17    God:
Gold:   101        SH:  0    Dex: 14    Spells: 4/7 levels left

rFire   . . .      SeeInvis .   (no weapon)
rCold   . . .      Faith    .   (no shield)
rNeg    . . .      Spirit   +   a - +0 robe
rPois   .          Reflect  .   (no helmet)
rElec   .          Harm     .   (no cloak)
rCorr   .          Rampage  .   (no gloves)
Will    .....                   (no boots)
Stlth   ++........              (no amulet)
HPRegen 0.05/turn               (no ring)
MPRegen 0.11/turn               (no ring)

@: no status effects
A: fangs 2, magic shield, antimagic bite, no potion heal 2
a: no special abilities


You were on level 2 of the Dungeon.
You visited 1 branch of the dungeon, and saw 2 of its levels.

You collected 101 gold pieces.

Inventory:

Armour
 a - a +0 robe (worn)
Jewellery
 c - a ring of resist corrosion
Potions
 b - 3 potions of curing {unknown}
 d - a potion of lignification {unknown}


   Skills:
 - Level 1.6 Dodging
 + Level 3.3 Stealth
 + Level 2.7 Spellcasting
 + Level 4.3 Summonings


You had 4 spell levels left.
You knew the following spells:

 Your Spells              Type           Power      Damage    Failure   Level
a - Summon Small Mammal   Summ           64%        N/A       3%          1
b - Call Imp              Summ           16%        N/A       4%          2

Your spell library contained the following spells:

 Spells                   Type           Power      Damage    Failure   Level
 Call Canine Familiar     Summ           16%        N/A       10%         3
 Summon Guardian Golem    Hex/Summ       9%         N/A       22%         3
 Summon Lightning Spire   Summ/Air       9%         N/A       58%         4


Dungeon Overview and Level Annotations

Branches:
Dungeon (2/15)

Altars:


Innate Abilities, Weirdness & Mutations

You have extremely sharp teeth.
When hurt, damage is shared between your health and your magic reserves.
Your bite disrupts and absorbs the magic of your enemies.
Potions cannot restore your health.


Message History

The endoplasm freezes you.
You are frozen.
Casting: Call Imp (safe; 4% risk of failure)
Confirm with . or Enter, or press ? or * to list all spells.
The bat barely misses you. The endoplasm freezes you.
You are frozen.
Your crimson imp hits the endoplasm.
Casting: Summon Small Mammal (safe; 3% risk of failure)
Confirm with . or Enter, or press ? or * to list all spells.
The bat hits you but does no damage.
Your crimson imp hits the endoplasm.
The endoplasm hits you.
Your rat bites the endoplasm but does no damage.
You hit the endoplasm.
The endoplasm is heavily wounded.
The bat closely misses you.
Your crimson imp blinks!
Your rat bites the endoplasm. x2
The endoplasm dies!
A ball python and an adder come into view.
The adder hisses angrily.
The bat barely misses you.
You hit the jackal but do no damage. Your bite misses the jackal.
The bat closely misses you. The jackal bites you.
The jackal completely misses you.
Your magical contamination has completely faded away.
You hit the jackal but do no damage.
The bat hits your rat but does no damage.
The bat barely misses your rat. The jackal closely misses you.
Your rat misses the jackal.
The jackal closely misses something.
A goblin comes into view. It is wielding a +0 club.
Your crimson imp blinks!
Your rat barely misses the adder.
There is a stone staircase leading up here.
You closely miss the adder.
The jackal closely misses something.
The adder bites you. x2
* * * LOW HITPOINT WARNING * * *
Your rat barely misses the adder.
The adder bites you.
You die...

#....#.........
.#.#...?........
......g.........
................
................
................
....5...........
......r#@#..#
.....§bSr...#
..)?...###....#
S..###. ..#..# .
#. )# .# .. ..
.# .# #. .. ..


You could see an adder (ally target), a goblin, a bat, a friendly crimson imp
(summoned) and a friendly rat (summoned).

Vanquished Creatures
  2 bats (D:1)
  3 hobgoblins (D:1)
  A kobold (D:1)
  A ball python (D:1)
  A goblin (D:1)
  2 rats (D:1)
10 creatures vanquished.

Vanquished Creatures (collateral kills)
  2 ball pythons (D:1)
  A bat (D:1)
  An endoplasm (D:2)
  2 goblins (D:1)
  2 hobgoblins (D:1)
  7 kobolds (D:1)
  A rat (D:1)
16 creatures vanquished.

Vanquished Creatures (others)
  2 fungi (D:1)
  5 toadstools (D:1)
7 creatures vanquished.

Grand Total: 33 creatures vanquished

Notes
Turn   | Place    | Note
-------+----------+-------------------------------------------
     0 | D:1      | Woods the Vine Stalker Summoner began the quest for the
                  | Orb.
     0 | D:1      | Reached XP level 1. HP: 9/9 MP: 4/4
   254 | D:1      | Reached XP level 2. HP: 12/13 MP: 1/6
   332 | D:1      | Learned a level 2 spell: Call Imp
  1154 | D:1      | Reached XP level 3. HP: 14/16 MP: 5/8
  1525 | D:2      | Slain by an adder

Illustrated notes

Levels and vault maps discovered:
D:1:      lemuel_arrival_muddy, layout_basic, hangedman_decor_lopped,
          minmay_misc_feat_plants, minmay_misc_feat_ornament,
          minmay_gold_behind_fungi, chequers_garden, eino_curves_03
D:2:      layout_rooms, uniq_robin

Skill      XL: |  1  2 |
---------------+-------+-----
Stealth        | 3 |  3.3
Dodging        | |  1.6
Spellcasting   | |  2.7
Summonings     | |  4.3

Action                   || total
-------------------------++-------
Melee: Unarmed           ||    36
       Bite              ||     9
       Punch             ||     2
 Cast: Summon Small Mamm ||    29
       Call Imp          ||     8
 Stab: Sleeping          ||     2
Armor: Robe              ||     6
Dodge: Dodged            ||    37
